 Dungeon Crawl Stone Soup version 0.31-a0-152-g6aa68a64a1 (webtiles) character file.

Game seed: 5545120655758584185

669 qw the Chopper (level 7, -1/43 HPs)
             Began as a Gargoyle Fighter on June 10, 2023.
             Slain by a wraith (10 damage)
             ... on level 5 of the Dungeon.
             The game lasted 00:01:39 (3726 turns).

qw the Chopper (Gargoyle Fighter)                   Turns: 3726, Time: 00:01:40

Health: -1/43      AC: 15    Str: 22    XL:     7   Next: 58%
Magic:  7/7        EV:  8    Int:  8    God:
Gold:   18         SH:  4    Dex:  9    Spells: 6/6 levels left

rFire   . . .        Y - +0 war axe
rCold   . . .        c - +0 buckler
rNeg    + . .        j - +0 chain mail
rPois   inf          g - +0 helmet
rElec   +            (no cloak)
rCorr   .            (no gloves)
SInv    .            (no boots)
Will    .....        n - amulet of the acrobat Stlth
                     (no ring)
HPRegen 0.27/turn    (no ring)
MPRegen 0.10/turn

%: acrobat
@: slowed, very slow
A: sickness immunity, AC +4, negative energy resistance 1, electricity
resistance, torment resistance 1, petrification resistance
a: no special abilities


You were on level 5 of the Dungeon.
You visited 1 branch of the dungeon, and saw 5 of its levels.

You collected 172 gold pieces.
You spent 154 gold pieces at shops.


Innate Abilities, Weirdness & Mutations

You are immune to sickness and miasma.
Your stone body is resilient. (AC +4)
You are immune to poison.
You resist negative energy. (rN+)
You are resistant to electric shocks. (rElec)
You are resistant to unholy torment.
You are immune to petrification.


   Skills:
 - Level 4.0 Fighting
 + Level 6.9 Axes
 - Level 1.1 Throwing
 - Level 3.2 Armour
 - Level 1.1 Dodging
 - Level 3.2 Shields


You had 6 spell levels left.
You didn't know any spells.
Your spell library was empty.

Inventory:

Hand Weapons
 k - a +0 morningstar
 o - the +10 mace "Hok Fili" {protect, rCorr}
   (You found it on level 3 of the Dungeon)

   rCorr:     It protects you from acid and corrosion.
 Y - a +0 war axe (weapon)
Missiles
 h - 8 boomerangs
 v - 2 javelins (quivered)
Armour
 c - a +0 buckler (worn)
 g - a +0 helmet (worn)
 j - a +0 chain mail (worn)
Jewellery
 n - an amulet of the acrobat (around neck)
Wands
 b - a wand of digging (6)
Potions
 a - a potion of resistance
 d - a potion of might
 e - a potion of degeneration {unknown}
 f - 2 potions of lignification
 i - a potion of magic {unknown}
 l - a potion of heal wounds {unknown}
 m - 2 potions of haste
 p - a potion of cancellation
 q - a potion of invisibility {unknown}
 r - a potion of curing {unknown}
 s - a potion of ambrosia {unknown}
 t - a potion of brilliance {unknown}

Dungeon Overview and Level Annotations

Branches:
Dungeon (5/15)
 Temple: D:4-7

Altars:
Elyvilon
Fedhas
Makhleb

Shops:
D:5 *

Annotations:
D:4 1 runed translucent door, Crazy Yiuf


Message History

Enter note:
Enter note:
Things that are here:
a +0 short sword; an orc corpse
v - 4 javelins (gained 1)
You see here a +0 short sword.
Things that are here:
a +0 short sword; an orc corpse A wraith comes into view.
Enter note:
Enter note:
Enter note:
Enter note:
Enter note:
Enter note:
Enter note:
Enter note:
Enter note: You throw a javelin.
The javelin barely misses the wraith.
You throw a javelin. The javelin closely misses the wraith.
You slash the wraith!
The wraith is moderately damaged.
The wraith closely misses you.
You barely miss the wraith.
The wraith is moderately damaged.
The wraith hits you. The wraith drains your vigour!
You feel yourself slow down. The wraith hits you!
You hit the wraith.
The wraith is moderately damaged.
The wraith hits you!
You slash the wraith!
The wraith is severely damaged.
The wraith hits you. x2; The wraith drains your vigour!
You feel as though you will be slow longer.
You barely miss the wraith.
The wraith is severely damaged.
The wraith hits you. The wraith drains your vigour!
You feel as though you will be slow longer.
The wraith hits you!
You die...

## ....# .# ......# (#
.#....# #.#...#..#
..#.....# #.....#
###.......# #...<.#
##...W.#...#
##.....####.#.#@.....#
. ......#)###.#..#....#
. ##....##..##..#.....#
. #.....####).........#
.##.....######.#...#..#
..>..........###..#...#
..#.................###
..#%.........########
#..#........##


You could see a wraith.

Vanquished Creatures
  Sigmund (D:3)
  A phantom (D:5)
  A bullfrog (D:4)
  A scorpion (D:5)
  A jelly (D:5)
  An orc priest (D:3)
  An iguana (D:5)
  A sleepcap (D:4)
  Ijyb (D:3)
  3 gnolls (D:2)
  5 adders
  An ufetubus (D:4)
  4 worms
  A dart slug (D:1)
  7 orcs
  7 endoplasms
  7 giant cockroaches
  6 goblins
  3 hobgoblins
  2 quokkas
  12 ball pythons
  4 bats
  2 frilled lizards
  9 kobolds
  5 rats
87 creatures vanquished.

Notes
Turn   | Place    | Note
-------+----------+-------------------------------------------
     0 | D:1      | qw the Gargoyle Fighter began the quest for the Orb.
     0 | D:1      | Reached XP level 1. HP: 14/14 MP: 1/1
     0 | D:1      | 0 ||| qw: Version: 0.2-a-123-gb51047a
     0 | D:1      | 0 ||| qw: Game counter: 3799
     0 | D:1      | 0 ||| qw: Always use a shield: true
     0 | D:1      | 0 ||| qw: God list: Okawaru
     0 | D:1      | 0 ||| qw: Allow faded altars: false
     0 | D:1      | 0 ||| qw: Do Orc after D:15 true
     0 | D:1      | 0 ||| qw: Do second Lair branch before Depths: true
     0 | D:1      | 0 ||| qw: Lair rune preference: random
     0 | D:1      | 0 ||| qw: Plans: Normal, Zot:1-4, Slime:5, God:TSO, Crypt,
                  | Tomb, Abyss, Pan, Hells, Win
     0 | D:1      | 0 ||| PLANNING D:1-11
    72 | D:1      | Reached skill level 2 in Axes
   123 | D:1      | Reached XP level 2. HP: 19/19 MP: 2/2
   367 | D:1      | Reached skill level 3 in Axes
   666 | D:1      | Reached XP level 3. HP: 23/23 MP: 3/3
   759 | D:1      | 759 ||| UPGRADING to +0 helmet.
   764 | D:1      | 764 ||| READING scroll labelled WOG RYIMEXZA.
   859 | D:2      | 859 ||| DROPPING +0 club.
   888 | D:2      | 888 ||| Stepping ~*~*~tactically~*~*~ (stealth).
   924 | D:2      | 924 ||| Stepping ~*~*~tactically~*~*~ (stealth).
  1273 | D:2      | Reached skill level 1 in Throwing
  1276 | D:2      | Reached XP level 4. HP: 19/28 MP: 4/4
  1426 | D:2      | 1426 ||| UPGRADING to +0 chain mail.
  1436 | D:2      | 1436 ||| DROPPING +0 scale mail.
  1437 | D:2      | 1437 ||| READING scroll labelled HEIHITHI YDO.
  1438 | D:2      | 1438 ||| READING scroll labelled SERITAONTE.
  1456 | D:3      | 1456 ||| PLANNING SEWER
  1475 | D:3      | Noticed Ijyb
  1487 | D:3      | Killed Ijyb
  1488 | D:3      | Reached skill level 4 in Axes
  1659 | D:3      | Noticed Sigmund
  1661 | D:3      | 1661 ||| Stepping ~*~*~tactically~*~*~ (hiding).
  1685 | D:3      | HP: 5/28 [Sigmund/+0 scythe (6)]
  1688 | D:3      | Killed Sigmund
  1689 | D:3      | Reached skill level 5 in Axes
  1689 | D:3      | Reached XP level 5. HP: 7/32 MP: 5/5
  1689 | D:3      | Reached XP level 6. HP: 8/37 MP: 6/6
  1949 | D:3      | 1949 ||| Stepping ~*~*~tactically~*~*~ (stealth).
  2052 | D:3      | 2052 ||| DROPPING +0 whip.
  2065 | D:3      | 2065 ||| DROPPING +0 mace.
  2103 | D:3      | 2103 ||| RIP SEWER
  2170 | D:3      | 2170 ||| PLANNING D:1-11
  2315 | D:3      | Identified the +10 mace "Hok Fili" {protect, rCorr}
  2317 | D:3      | 2317 ||| DROPPING +0 flail.
  2389 | D:3      | Found a white marble altar of Elyvilon.
  2490 | D:3      | 2490 ||| UPGRADING to amulet of the acrobat.
  2495 | D:3      | 2495 ||| READING scroll labelled ZOWKEUSKYSI.
  2498 | D:3      | 2498 ||| DRINKING 2 emerald potions.
  2499 | D:3      | 2499 ||| DRINKING 3 lumpy pink potions.
  2587 | D:4      | 2587 ||| Stepping ~*~*~tactically~*~*~ (stealth).
  2589 | D:4      | 2589 ||| Stepping ~*~*~tactically~*~*~ (stealth).
  2608 | D:4      | Reached skill level 6 in Axes
  2608 | D:4      | Reached XP level 7. HP: 36/43 MP: 7/7
  2654 | D:4      | 2654 ||| Stepping ~*~*~tactically~*~*~ (hiding).
  2655 | D:4      | 2655 ||| Stepping ~*~*~tactically~*~*~ (hiding).
  2656 | D:4      | 2656 ||| Stepping ~*~*~tactically~*~*~ (hiding).
  2657 | D:4      | 2657 ||| Stepping ~*~*~tactically~*~*~ (hiding).
  2658 | D:4      | 2658 ||| Stepping ~*~*~tactically~*~*~ (hiding).
  2659 | D:4      | 2659 ||| Stepping ~*~*~tactically~*~*~ (hiding).
  2660 | D:4      | 2660 ||| Stepping ~*~*~tactically~*~*~ (hiding).
  2661 | D:4      | 2661 ||| Stepping ~*~*~tactically~*~*~ (hiding).
  2662 | D:4      | 2662 ||| Stepping ~*~*~tactically~*~*~ (hiding).
  2663 | D:4      | 2663 ||| Stepping ~*~*~tactically~*~*~ (hiding).
  2664 | D:4      | 2664 ||| Stepping ~*~*~tactically~*~*~ (hiding).
  2665 | D:4      | 2665 ||| Stepping ~*~*~tactically~*~*~ (hiding).
  2666 | D:4      | 2666 ||| Stepping ~*~*~tactically~*~*~ (hiding).
  2667 | D:4      | 2667 ||| Stepping ~*~*~tactically~*~*~ (hiding).
  2668 | D:4      | 2668 ||| Stepping ~*~*~tactically~*~*~ (hiding).
  3066 | D:4      | Found a runed translucent door.
  3067 | D:4      | Noticed Crazy Yiuf
  3158 | D:4      | 3158 ||| READING scroll labelled REECOO RIYLESH.
  3159 | D:4      | 3159 ||| READING scroll labelled DOTUM JOME.
  3260 | D:4      | 3260 ||| READING scroll labelled POMNYO XOROU.
  3261 | D:4      | 3261 ||| READING 3 scrolls labelled XUOLLI KINIMM.
  3262 | D:4      | 3262 ||| READING scroll labelled NOVEKU XYEMPE.
  3263 | D:4      | 3263 ||| DROPPING 2 scrolls of noise.
  3299 | D:5      | Entered Level 5 of the Dungeon
  3315 | D:5      | Reached skill level 1 in Dodging
  3375 | D:5      | Found Pampuysa's General Store.
  3384 | D:5      | 3384 ||| BUYING 2 potions of lignification (66 gold).
  3384 | D:5      | Bought 2 potions of lignification for 66 gold pieces
  3384 | D:5      | 3384 ||| BUYING potion of cancellation (88 gold).
  3384 | D:5      | Bought a potion of cancellation for 88 gold pieces
  3384 | D:5      | 3384 ||| SHOPLISTING potion of cancellation (88 gold, have
                  | 0).
  3384 | D:5      | 3384 ||| SHOPLISTING potion of curing (33 gold, have 0).
  3384 | D:5      | 3384 ||| SHOPLISTING potion of mutation (88 gold, have 0).
  3454 | D:5      | Found a blossoming altar of Fedhas.
  3519 | D:5      | Found a burning altar of Makhleb.
  3718 | D:5      | Noticed a wraith
  3726 | D:5      | HP: 9/43 [wraith (2)]
  3726 | D:5      | Slain by a wraith

Levels and vault maps discovered:
D:1:      matt_arrival_los_fun, layout_loops_ring,
          corexii_item_surrounded_by_moat
D:2:      layout_loops_ring
D:3:      layout_loops_ring, old_standard_altar, portal_sewer_entry_e,
          minmay_liquid_box, uniq_ijyb, uniq_sigmund
D:4:      layout_rooms, grunt_decor_one_mirror, nicolae_the_louvre,
          uniq_crazy_yiuf_cottage
D:5:      layout_rooms, fedhas_altar_decomposition,
          mainiacjoe_overflow_boulevard, serial_shops, shop, dk_vineyard_1,
          minmay_increasing_density

Skill      XL: |  1  2  3  4  5  6  7 |
---------------+----------------------+-----
Axes           | 2 3 5 6 |  6.9
Throwing       | 1 |  1.1
Fighting       | 4 |  4.0
Dodging        | 1 |  1.1
Armour         | |  3.2
Shields        | |  3.2

Action                     |  1- 3 |  4- 6 |  7- 9 || total
---------------------------+-------+-------+-------++-------
  Melee: War axe           |    88 |   133 |    30 ||   251
  Throw: Boomerang         |     9 |       |       ||     9
         Javelin           |     3 |    38 |    14 ||    55
    Use: Scroll            |     1 |     3 |     5 ||     9
         Potion            |       |     2 |       ||     2
 Armour: Scale mail        |    40 |       |       ||    40
         Chain mail        |       |    61 |     9 ||    70
  Dodge: Dodged            |    23 |    57 |     7 ||    87
  Block: Buckler           |    14 |    25 |     2 ||    41

Table legend:
 A = Non-vault XP
 B = Vault XP
 C = Vault XP percentage of total XP
 D = Non-vault monster count
 E = Vault monster count
 F = Vault count percentage of total count
                 A         B        C        D         E       F
            +---------+---------+-------+---------+---------+-------
      Total |     507 |     449 |  47.0 |      82 |       5 |   5.7
            +---------+---------+-------+---------+---------+-------
        D:1 |      35 |       0 |   0.0 |      21 |       0 |   0.0
        D:2 |      68 |       0 |   0.0 |      18 |       0 |   0.0
        D:3 |     133 |     262 |  66.3 |      26 |       2 |   7.1
        D:4 |     177 |       0 |   0.0 |      14 |       0 |   0.0
        D:5 |      94 |     187 |  66.5 |       3 |       3 |  50.0
            +---------+---------+-------+---------+---------+-------
